 Dungeon Crawl Stone Soup version 0.22-a0-833-g8522bf8 (webtiles) character file.

57 Amnesiac the Digger (level 3, -3/24 HPs)
             Began as a Mummy Earth Elementalist on July 25, 2018.
             Slain by Grinder (8 damage)
             ... while paralysed by Grinder
             ... on level 4 of the Dungeon.
             The game lasted 00:03:13 (1042 turns).

Amnesiac the Digger (Mummy Earth Elementalist)      Turns: 1042, Time: 00:03:14

Health: -3/24      AC:  2    Str: 11    XL:     3   Next: 73%
Magic:  2/7        EV:  2    Int: 15    God:
Gold:   47         SH:  0    Dex: 12    Spells: 2/8 levels left

rFire    x . .     SeeInvis .   a - +1 hunting sling (freeze)
rCold    + . .     Gourm    .   (no shield)
rNeg     + + +     Faith    .   c - +0 robe
rPois    ∞         Spirit   .   (no helmet)
rElec    .         Reflect  .   (no cloak)
rCorr    .         Harm     .   (no gloves)
MR       .....                  (no boots)
Stlth    ++........             (no amulet)
HPRegen  0.08/turn              (no ring)
MPRegen  0.10/turn              (no ring)

@: paralysed, very slightly contaminated
A: no food or potions, fire vulnerability, cold resistance 1, negative energy
resistance 3, torment resistance, unbreathing
a: no special abilities


You were on level 4 of the Dungeon.
You were not hungry.

You visited 1 branch of the dungeon, and saw 4 of its levels.

You collected 47 gold pieces.

Inventory:

Hand Weapons
 a - a +1 hunting sling of freezing (weapon)
 d - a +0 dagger
Missiles
 b - 22 stones (quivered)
Armour
 c - a +0 robe (worn)
Scrolls
 e - a scroll of identify {!r}
 f - a scroll of remove curse {!r}


   Skills:
 - Level 1.5 Dodging
 - Level 1.5 Stealth
 + Level 3.4 Spellcasting
 - Level 0.7 Transmutations
 * Level 3.6 Earth Magic


You had 2 spell levels left.
You knew the following spells:

 Your Spells              Type           Power        Failure   Level  Hunger
a - Sandblast             Erth           ##....       4%          1    N/A
b - Passwall              Tmut/Erth      #.......     12%         2    N/A
c - Stone Arrow           Conj/Erth      #.....       28%         3    N/A

Your spell library contained the following spells:

 Spells                   Type           Power        Failure   Level  Hunger
 Lee's Rapid Deconstruct  Erth           ##........   77%         5    N/A
 Petrify                  Tmut/Erth      #.......     61%         4    N/A

Dungeon Overview and Level Annotations

Branches:
Dungeon (4/15)
 Temple: D:4-7

Altars:

Annotations:
D:4 Grinder


Innate Abilities, Weirdness & Mutations

You do not eat or drink.
Your flesh is vulnerable to fire.
You are immune to poison.
Your flesh is cold resistant. (rC+)
You are immune to negative energy. (rN+++)
You are immune to unholy pain and torment.
You can survive without breathing.


Message History

Unknown command.
Casting: Sandblast (safe; 4% risk of failure)
Confirm with . or Enter, or press ? or * to list all spells.
Aiming: Sandblast (safe; 4% risk of failure)
Press: ? - help, Shift-Dir - straight line, f/p - Grinder
Aim: Grinder The blast of sand hits Grinder.
Grinder is moderately wounded.
b - 26 stones Unknown command.
Casting: Sandblast (safe; 4% risk of failure)
Confirm with . or Enter, or press ? or * to list all spells.
Aiming: Sandblast (safe; 4% risk of failure)
Press: ? - help, Shift-Dir - straight line, f/p - Grinder
Aim: Grinder (moderately wounded)
The blast of sand hits Grinder.
Grinder is moderately wounded.
b - 25 stones
Casting: Sandblast (safe; 4% risk of failure)
Confirm with . or Enter, or press ? or * to list all spells.
Aiming: Sandblast (safe; 4% risk of failure)
Press: ? - help, Shift-Dir - straight line, f/p - Grinder
Aim: Grinder (moderately wounded)
The blast of sand hits Grinder.
Grinder is moderately wounded.
b - 24 stones Grinder barely misses you.
Casting: Sandblast (safe; 4% risk of failure)
Confirm with . or Enter, or press ? or * to list all spells.
Aiming: Sandblast (safe; 4% risk of failure)
Press: ? - help, Shift-Dir - straight line, f/p - Grinder
Aim: Grinder (moderately wounded)
The blast of sand hits Grinder.
Grinder is heavily wounded.
b - 23 stones Grinder hits you!
Casting: Sandblast (safe; 4% risk of failure)
Confirm with . or Enter, or press ? or * to list all spells.
Aiming: Sandblast (safe; 4% risk of failure)
Press: ? - help, Shift-Dir - straight line, f/p - Grinder
Aim: Grinder (heavily wounded)
The blast of sand hits Grinder.
Grinder is severely wounded.
b - 22 stones Grinder closely misses you.
Casting: Sandblast (safe; 4% risk of failure)
Confirm with . or Enter, or press ? or * to list all spells.
Aiming: Sandblast (safe; 4% risk of failure)
Press: ? - help, Shift-Dir - straight line, f/p - Grinder
Aim: Grinder (severely wounded)
You miscast Sandblast.
You are very lightly contaminated with residual magic.
Nothing appears to happen.
Grinder says, "DUCK!"
Grinder gestures at you.
You suddenly lose the ability to move!
Grinder hits you.
* * * LOW HITPOINT WARNING * * *
Grinder hits you.
* * * LOW HITPOINT WARNING * * *
Grinder hits you.
* * * LOW HITPOINT WARNING * * *
Grinder hits you!
You die...

..............##....##..##+##
........................ ...#
.......<..##..##....... ..#
....##....##..##....#### #.#
.. #....##..##....##..###.###
#......................O<#
#....................>....+
#.....##..##...###...###..#
##....###+##@..###...###..#
#....##...5....+.........+
.........#....#.........#
.......#....#.........#
....$..#....#.........#
.(.(..##..###.##..##..#
.(##.. #### #. ######## . #..
.. #.. .


You could see Grinder.

Vanquished Creatures
  A hound (D:4)
  An adder (D:2)
  2 bats
  2 giant cockroaches (D:2)
  2 goblins (D:3)
  2 hobgoblins (D:3)
  A kobold (D:1)
  2 frilled lizards (D:1)
  2 rats (D:3)
15 creatures vanquished.

Notes
Turn   | Place    | Note
-------+----------+-------------------------------------------
     0 | D:1      | Amnesiac the Mummy Earth Elementalist began the quest for the Orb.
     0 | D:1      | Reached XP level 1. HP: 13/13 MP: 4/4
   339 | D:2      | Reached XP level 2. HP: 18/19 MP: 2/5
   373 | D:2      | Learned a level 2 spell: Passwall
   524 | D:4      | Reached XP level 3. HP: 8/24 MP: 0/7
   529 | D:4      | Learned a level 3 spell: Stone Arrow
   669 | D:4      | Noticed an ogre
  1028 | D:4      | Noticed Grinder
  1028 | D:4      | Paralysed by Grinder for 2 turns
  1038 | D:4      | Paralysed by Grinder for 5 turns
  1042 | D:4      | Slain by Grinder

Vault maps used:
D:1:      roderic_octagonal_star
D:2:      overflow_temple_1_default, lemuel_round_altar
D:3:      lemuel_round_altar, lemuel_doored_altar,
          minmay_overflow_temple_star_quad, grunt_decor_cap,
          grunt_dithmenos_smoke_and_mirrors
D:4:      kennysheep_mini, serial_shops, shop, uniq_grinder

Skill      XL: |  1  2 |
---------------+-------+-----
Earth Magic    | 3 |  3.6
Spellcasting   | 3 |  3.4
Dodging        | |  1.5
Stealth        | |  1.5
Transmutations | |  0.7

Action                   || total
-------------------------++-------
Melee: Dagger            ||    36
       Unarmed           ||     6
 Fire: Hunting sling     ||    16
 Cast: Sandblast         ||    16
       Passwall          ||     1
  Use: Scroll            ||     1
 Stab: Sleeping          ||     1
Armor: Robe              ||    10
Dodge: Dodged            ||    49

Table legend:
 A = Spawn XP
 B = Non-spawn XP
 C = Spawn XP percentage of total XP
 D = Spawn monster count
 E = Non-spawn monster count
 F = Spawn count percentage of total count
 G = Total turns spent on level
                    A         B        C        D         E        F      G
               +---------+---------+-------+---------+---------+-------+---------
         Total |       0 |      82 |   0.0 |       0 |      15 |   0.0 |  1042
               +---------+---------+-------+---------+---------+-------+---------
           D:1 |       0 |       4 |   0.0 |       0 |       3 |   0.0 |   265
           D:2 |       0 |      20 |   0.0 |       0 |       4 |   0.0 |   120
           D:3 |       0 |      12 |   0.0 |       0 |       7 |   0.0 |   309
           D:4 |       0 |      46 |   0.0 |       0 |       1 |   0.0 |   348
               +---------+---------+-------+---------+---------+-------+---------
